 Dungeon Crawl Stone Soup version 0.27.1-2-g3b301248ec (webtiles) character file.

Game seed: 11175518882591530510

16870 nxtlvl the Cleaver (level 12, -6/159 HPs)
             Began as a White Draconian Berserker on Oct 1, 2021.
             Was a High Priest of Trog.
             Mangled by a salamander (12 damage)
             ... in a volcano.
             The game lasted 00:55:35 (6244 turns).

nxtlvl the Cleaver (White Draconian Berserker)      Turns: 6244, Time: 00:55:36

Health: -6/159     AC: 11    Str: 20    XL:     12   Next: 13%
Magic:  4/4        EV: 16    Int: 13    God:    Trog [*****.]
Gold:   652        SH:  5    Dex: 16    Spells: 11/11 levels left

rFire    . . .     SeeInvis .   a - +8 Wrath of Trog {antimagic, *Rage Rampage}
rCold    . . .     Faith    .   (shield currently unavailable)
rNeg     . . .     Spirit   .   (armour unavailable)
rPois    +         Reflect  +   (helmet restricted)
rElec    +         Harm     .   (no cloak)
rCorr    +         Rampage  +   d - +0 pair of gloves
Will     ++...     Rnd*Rage +   c - +1 pair of boots
Stlth    ..........             I - amulet of reflection
HPRegen  1.36/turn              g - +4 ring of slaying
MPRegen  0.09/turn              y - ring of Buedduf {rElec rPois rC- rCorr Int+6}

@: berserking, strong-willed, regenerating, very quick
A: breathe frost, AC +8, unfitting armour, cold resistance 1, cold-blooded
a: Breathe Frost, Renounce Religion, Berserk, Trog's Hand, Brothers in Arms


You were in a volcano.
You worshipped Trog.
Trog was extremely pleased with you.
You visited 2 branches of the dungeon, and saw 14 of its levels.
You also visited: Sewer, Ossuary and Volcano.

You collected 652 gold pieces.

Inventory:

Hand Weapons
 a - the +8 Wrath of Trog (weapon) {antimagic, *Rage Rampage}
   (You acquired it on level 2 of the Lair of Beasts)

   It reduces the magical energy of the wielder, and disrupts the spells and
   magical abilities of those it strikes.
   Natural abilities and divine invocations are not affected.
   It causes slowness and exhaustion when equipped.
   It extends the wielder's berserk rage when killing foes.
   *Rage:     It may make you go berserk in combat.
   Rampage:   It bestows one free step when moving towards enemies.
 b - a +2 vorpal shortbow
 N - a +0 broad axe
Missiles
 i - 92 poisoned darts
 k - 14 boomerangs (quivered)
 z - 187 arrows
 H - 4 throwing nets
 T - 58 bolts
Armour
 c - a +1 pair of boots (worn)
 d - a +0 pair of gloves (worn)
Jewellery
 g - a +4 ring of slaying (left hand)
 y - the ring of Buedduf (right hand) {rElec rPois rC- rCorr Int+6}
   (You found it on level 4 of the Dungeon)

   [ring of intelligence]

   Int:       It affects your intelligence (+6).
   rC:        It makes you vulnerable to cold.
   rElec:     It insulates you from electricity.
   rPois:     It protects you from poison.
   rCorr:     It protects you from acid and corrosion.
 A - a ring of magical power
 E - an amulet of the acrobat
 I - an amulet of reflection (around neck)
 K - a +4 ring of evasion
 L - a ring of flight
 P - an amulet of guardian spirit
 S - a +4 ring of protection
Wands
 e - a wand of iceblast (25)
 M - a wand of paralysis (9)
 Q - a wand of digging (4)
 U - a wand of polymorph (9)
Scrolls
 j - 3 scrolls of teleportation
 l - 2 scrolls of enchant armour
 m - 2 scrolls of silence {unknown}
 n - 6 scrolls of magic mapping {unknown}
 r - 4 scrolls of enchant weapon {unknown}
 v - 2 scrolls of fog {unknown}
 x - 2 scrolls of blinking
 B - a scroll of amnesia
 D - a scroll of immolation
 G - 4 scrolls of vulnerability {unknown}
 R - a scroll of torment
 V - a scroll of holy word
Potions
 f - 4 potions of brilliance
 h - 5 potions of curing
 o - 3 potions of heal wounds
 p - 2 potions of mutation
 q - 7 potions of might {unknown}
 s - 2 potions of cancellation
 t - 2 potions of magic
 u - a potion of berserk rage
 w - 2 potions of attraction
 C - a potion of resistance
 F - a potion of flight
 J - 2 potions of invisibility
 O - 2 potions of ambrosia {unknown}


   Skills:
 + Level 10.3 Fighting
 * Level 13.5 Axes
 + Level 8.7 Dodging
 + Level 7.7 Evocations


You had 11 spell levels left.
You didn't know any spells.
Your spell library contained the following spells:

 Spells                   Type           Power      Damage    Failure   Level
 Beastly Appendage        Tmut           0%         N/A       30%         1
 Passwall                 Tmut/Erth      0%         N/A       43%         2
 Wereblood                Tmut           0%         N/A       43%         2
 Dazzling Flash           Conj/Hex       0%         N/A       67%         3
 Frozen Ramparts          Ice            0%         1d2       67%         3
 Gell's Gravitas          Tloc           0%         N/A       67%         3
 Ignite Poison            Fire/Tmut/Pois 0%         N/A       67%         3
 Lesser Beckoning         Tloc           0%         N/A       67%         3
 Mephitic Cloud           Conj/Pois/Air  0%         N/A       67%         3
 Spider Form              Tmut/Pois      0%         N/A       67%         3
 Swiftness                Air            0%         N/A       67%         3
 Teleport Other           Tloc           0%         N/A       67%         3
 Ice Form                 Ice/Tmut       0%         N/A       97%         4
 Summon Ice Beast         Ice/Summ       0%         N/A       97%         4
 Agony                    Necr           0%         N/A       100%        5
 Bolt of Magma            Conj/Fire/Erth 0%         4d4       100%        5
 Silence                  Hex/Air        0%         N/A       100%        5
 Invisibility             Hex            0%         N/A       100%        6


Dungeon Overview and Level Annotations

Branches:
Dungeon (10/15)            Temple (0/1) D:5            Lair (4/6) D:10
    Orc (0/2) D:10          Sewer (visited)         Ossuary (visited)
Volcano (1/1)
  Swamp: Lair:2-4    Shoals: Lair:2-4     Snake: Lair:2-4    Spider: Lair:2-4

Altars:
Ashenzari
Dithmenos
Hepliaklqana
Nemelex Xobeh
Okawaru
Qazlal
Ru
Uskayaw
Yredelemnul
Zin

Portals:
Trove: D:10 (give 15 potions of curing)


Innate Abilities, Weirdness & Mutations

You can breathe waves of freezing cold which knock back foes.
Your icy white scales are hard. (AC +8)
You cannot fit into any form of body armour.
Your flesh is cold resistant. (rC+)
You are cold-blooded and may be slowed by cold attacks.


Message History

You open the door.
There is an open door here.
You open the door. 3 salamanders and a salamander mystic come into view.
A salamander is wielding a +1 vorpal glaive.
The salamander mystic is wielding a +2 quarterstaff of distortion.
The salamander hits you from afar with a +1 vorpal glaive!!
You are engulfed in flames!
Found a bloodstained altar of Trog.
Your skin crawls.
You feel strong-willed. The salamander barely misses you.
You rampage towards the salamander!
A red film seems to cover your vision as you go berserk!
You feel yourself moving faster!
You feel mighty!
You barely miss the salamander. You tail-slap the salamander!
The salamander is lightly wounded.
You slice the salamander!!
The salamander hits you with a +1 vorpal glaive!
You are engulfed in flames!
The salamander completely misses you.
The salamander hits you with a +1 vorpal glaive!!
You are engulfed in flames!
* * * LOW HITPOINT WARNING * * *
x2
Okay, then.
You're already berserk!
You closely miss the salamander. You tail-slap the salamander!
The salamander is moderately wounded.
You slash the salamander! The salamander misses you.
You slice the salamander!!
The salamander is severely wounded.
You barely miss the salamander.
The salamander hits you with a +0 halberd!
* * * LOW HITPOINT WARNING * * *
You are engulfed in flames!
* * * LOW HITPOINT WARNING * * *
You're already berserk!
You slice the salamander mystic!!
The salamander mystic's magic leaks into the air.
The salamander mystic is heavily wounded.
You slash the salamander!
The salamander hits you from afar with a +1 vorpal glaive!
You die...

.§§§§§§≈...........§§....≈≈≈§≈≈≈≈
≈§§§≈≈≈.########§########.≈≈§§≈≈§
≈§§§§≈≈.# #.# #.§§≈§§≈§ ≈≈§≈§≈≈.#
#.# #.≈§§≈≈≈≈ ≈§§≈§≈≈.# #.#
#.§≈≈≈§§≈ ≈≈≈≈§≈≈.# #.# #.§§§≈§≈§
§§§≈§§§°######.#.#.######.§§§≈§≈≈
≈≈≈§§§≈.#......#.#......#.§≈§§≈≈§
≈≈§≈§≈≈.###++###@###++###.§≈≈≈≈≈≈
§≈§§§≈§§# #.NN..# #.≈≈§≈≈≈§
≈§≈§≈≈≈.# #.8N8.# #.≈≈≈≈§≈≈
≈§≈§§§§.# +..N..+ #.≈≈≈§≈§§
≈≈§≈≈≈≈.#################.≈§≈≈≈§≈
§≈§≈≈≈≈≈...§.§............≈≈≈§§§≈
≈≈≈≈≈≈≈≈≈≈§≈≈≈.§≈≈≈≈≈§§○≈≈≈≈≈§§§§
≈≈≈≈§≈§≈≈§≈§≈≈≈≈≈§§§§≈○○≈°≈≈≈≈§§≈
≈≈§§§≈§§≈§≈§≈≈§≈≈≈≈§≈○○≈°≈°≈≈≈§≈≈


You could see a salamander mystic and 3 salamanders.

Vanquished Creatures
  Snorg (D:10)
  Harold (D:8)
  A catoblepas (Lair:4)
  A two-headed ogre (D:7)
  An ugly thing (D:8)
  4 cane toads
  A rime drake (Lair:2)
  5 komodo dragons
  5 polar bears
  2 trolls
  11 yaks
  A wraith (Ossuary)
  5 fire bats
  2 basilisks
  2 wyverns (Lair:4)
  Grum (Lair:1)
  4 vampire mosquitoes (D:10)
  2 acid dragons
  5 water moccasins
  4 orc warriors
  A sky beast (D:6)
  A black bear (D:5)
  A necrophage (D:6)
  2 ogres (D:5)
  17 wolves
  4 centaurs
  A phantom (D:5)
  2 kobold brigands
  5 bullfrogs
  A scorpion (D:4)
  A wyvern zombie (D:6)
  6 killer bees (D:9)
  11 wights
  2 howler monkeys (D:10)
  A bullfrog zombie (D:4)
  7 lava snakes (Volcano)
  4 centaur zombies
  A centaur skeleton (D:5)
  2 bullfrog skeletons
  3 orc priests
  A hound (D:6)
  A gnoll shaman (D:4)
  A jelly (D:8)
  Natasha (twice) (D:4)
  4 orc wizards
  A scorpion zombie (D:4)
  A hound zombie (D:4)
  A hound skeleton (D:5)
  A mummy (Ossuary)
  4 howler monkey zombies
  13 gnolls
  5 adders
  6 river rats
  A white imp (D:6)
  An ufetubus (D:7)
  2 dart slugs
  20 orcs
  An endoplasm (D:1)
  3 giant cockroaches
  4 goblins
  A hobgoblin (D:4)
  6 jackals
  A quokka (D:4)
  5 ball pythons
  5 bats
  17 frilled lizards
  4 gnoll skeletons (Ossuary)
  9 kobolds
  4 kobold skeletons (Ossuary)
  5 orc skeletons (Ossuary)
  13 rats
275 creatures vanquished.

Vanquished Creatures (others)
  Natasha (D:4)
  4 fungi
  4 plants
9 creatures vanquished.

Grand Total: 284 creatures vanquished

Notes
Turn   | Place    | Note
-------+----------+-------------------------------------------
     0 | D:1      | nxtlvl the Draconian Berserker began the quest for the Orb.
     0 | D:1      | Reached XP level 1. HP: 19/19 MP: 1/1
    82 | D:1      | Reached XP level 2. HP: 25/26 MP: 2/2
   321 | D:3      | Reached ** piety under Trog
   322 | D:3      | Reached skill level 4 in Axes
   664 | D:3      | Reached XP level 3. HP: 31/31 MP: 3/3
   690 | D:4      | Reached XP level 4. HP: 38/38 MP: 4/4
   695 | D:4      | Noticed a scorpion
   707 | D:4      | Killed a scorpion
   708 | D:4      | Reached skill level 5 in Axes
   718 | D:4      | Found a stormy altar of Qazlal.
   734 | D:4      | Reached skill level 6 in Axes
   734 | D:4      | Reached XP level 5. HP: 26/45 MP: 5/5
   790 | D:4      | HP: 2/45 [orc priest (4)]
   877 | D:4      | Found a glowing drain.
   891 | Sewer    | Entered a sewer
   998 | Sewer    | Reached *** piety under Trog
  1084 | Sewer    | Reached XP level 6. HP: 52/52 MP: 6/6
  1239 | D:4      | Found a basalt altar of Yredelemnul.
  1295 | D:4      | Found a sparkling altar of Nemelex Xobeh.
  1375 | D:4      | Identified the ring of Buedduf {rElec rPois rC- rCorr
                  | Int+6}
  1380 | D:4      | Noticed Natasha
  1391 | D:4      | Killed Natasha
  1454 | D:4      | Noticed Natasha
  1462 | D:4      | Killed Natasha
  1474 | D:5      | Entered Level 5 of the Dungeon
  1491 | D:5      | Reached skill level 7 in Axes
  1491 | D:5      | Your scales start taking on an icy white colour.
  1491 | D:5      | Reached XP level 7. HP: 53/60 MP: 7/7
  1491 | D:5      | Gained mutation: Your flesh is cold resistant. (rC+) [White
                  | Draconian growth]
  1507 | D:5      | Found a sand-covered staircase.
  1514 | Ossuary  | Entered an ossuary
  1514 | Ossuary  | Noticed a wraith
  1514 | Ossuary  | Noticed a wraith
  1514 | Ossuary  | Noticed a wraith
  1598 | Ossuary  | Noticed a wraith
  1610 | Ossuary  | Killed a wraith
  1665 | D:5      | Found a large runed translucent door.
  1666 | D:5      | Found a large runed translucent door.
  1675 | D:5      | Found a broken altar of Ashenzari.
  1681 | D:5      | Found a shadowy altar of Dithmenos.
  1823 | D:5      | Reached **** piety under Trog
  1839 | D:5      | Reached skill level 5 in Fighting
  1850 | D:4      | Noticed Natasha
  1857 | D:4      | Reached skill level 8 in Axes
  1857 | D:4      | Killed Natasha
  1935 | D:5      | Noticed a troll
  1944 | D:5      | Killed a troll
  1945 | D:5      | Reached XP level 8. HP: 41/69 MP: 8/8
  1946 | D:5      | Found a glowing silver altar of Zin.
  1966 | D:5      | HP: 1/69 [ogre (32)]
  2160 | D:5      | Found a staircase to the Ecumenical Temple.
  2303 | D:7      | Noticed a two-headed ogre
  2317 | D:7      | Killed a two-headed ogre
  2318 | D:7      | Reached skill level 9 in Axes
  2318 | D:7      | Reached skill level 5 in Dodging
  2318 | D:7      | Reached XP level 9. HP: 78/78 MP: 9/9
  2536 | D:7      | Reached skill level 10 in Axes
  2744 | D:8      | Noticed Harold
  2758 | D:8      | Killed Harold
  3026 | D:8      | Identified the +1 robe of Charity {rPois Str+4 Dex-2}
  3158 | D:8      | Noticed a red ugly thing
  3170 | D:8      | Killed a red ugly thing
  3171 | D:8      | Reached XP level 10. HP: 75/88 MP: 10/10
  3279 | D:8      | Found a hazy altar of Hepliaklqana.
  3279 | D:8      | Found an iron altar of Okawaru.
  3284 | D:8      | Found a faded altar of an unknown god.
  3286 | D:8      | Found a sacrificial altar of Ru.
  3287 | D:8      | Found a faded altar of an unknown god.
  3361 | D:9      | Reached skill level 11 in Axes
  3371 | D:9      | Reached ***** piety under Trog
  3605 | D:9      | Found a hide-covered altar of Uskayaw.
  3691 | D:9      | Reached skill level 5 in Evocations
  3739 | D:10     | Entered Level 10 of the Dungeon
  4176 | D:10     | Found a portal to a secret trove of treasure.
  4184 | D:10     | Found a staircase to the Orcish Mines.
  4252 | D:10     | Noticed Snorg
  4261 | D:10     | Killed Snorg
  4262 | D:10     | Reached skill level 12 in Axes
  4262 | D:10     | Reached XP level 11. HP: 95/95 MP: 11/11
  4325 | D:10     | Found a staircase to the Lair.
  4483 | Lair:1   | Entered Level 1 of the Lair of Beasts
  4627 | Lair:2   | Noticed a seven-headed hydra
  4648 | Lair:1   | Noticed Grum
  4681 | Lair:1   | Killed Grum
  4843 | Lair:2   | Received a gift from Trog
  4967 | Lair:2   | HP: 5/145 [polar bear (9)]
  5080 | Lair:2   | Identified a scroll of acquirement
  5081 | Lair:2   | Acquired the +8 Wrath of Trog {antimagic, *Rage Rampage}
  5081 | Lair:2   | Found the +8 Wrath of Trog {antimagic, *Rage Rampage}
  5408 | Lair:3   | Reached skill level 13 in Axes
  5507 | Lair:4   | Reached skill level 10 in Fighting
  5610 | Lair:4   | Noticed a catoblepas
  5621 | Lair:4   | Killed a catoblepas
  5711 | Lair:4   | Reached XP level 12. HP: 41/106 MP: 4/12
  5966 | Lair:4   | Found a dark tunnel.
  6001 | Volcano  | Entered a volcano
  6239 | Volcano  | Found a bloodstained altar of Trog.
  6243 | Volcano  | HP: 5/159 [salamander (15)]
  6244 | Volcano  | Mangled by a salamander

Illustrated notes

Levels and vault maps discovered:
D:1:      sevenhm_arrival_forest_fort_small_3, layout_basic,
          minmay_misc_feat_rows, minmay_lizard_pond
D:2:      layout_loops_corners, basic_altar
D:3:      layout_rooms, ebering_ecumenical_altar_petrified
D:4:      layout_cave_pools, grunt_qazlal_clouds,
          nicolae_yredelemnul_corpse_copse, nemelex_xobeh_ov_fountains_minmay,
          portal_sewer_entry_e, uniq_natasha
D:5:      layout_loops_ring, lemuel_crystal_altar,
          nicolae_overflow_hidden_temple, jmf_multi_god_temple2,
          minmay_temple_entry_sparse_star, lightli_ossuary_entry_decrepit_ruins,
          chequers_serial_rivers_large_b, grunt_ministairs_2,
          hangedman_decor_points
D:6:      layout_rooms, grunt_temple_overflow_champion_of_chaos, serial_shops,
          nicolae_lakefront_shop
D:7:      layout_cave_pools, kennysheep_generic_room_11
D:8:      layout_layer_cave, chequers_temple_overflow_minitemple, minivault_19,
          uniq_harold
D:9:      layout_loops_corners, nicolae_uskayaw_murder_on_the_dancefloor,
          ebering_dispersal_statue_hall, minmay_fractal_squares_diagonal_5
D:10:     minmay_wavy_crystal, layout_irregular_city,
          mainiacjoe_overflow_chevrons, lair_entry_dummy,
          nicolae_trove_entry_crossroad, uniq_snorg
Lair:1:   layout_cave_pods, grunt_forest_small_clearing_treed, uniq_grum
Lair:2:   layout_cellular_growth, special_room [special_room_bee],
          beast_lair_carwin_9, infiniplex_staircase_pool
Lair:3:   lemuel_slime, layout_cave_pods, nicolae_swamp_entry_splash_gauntlet,
          spider_nest_entry_rubble, chequers_serial_rivers_micro_c,
          nicolae_quartered_pool_medium
Lair:4:   layout_regular_city, nicolae_volcano_entry_batcave, grunt_megastairs_1
Volcano:  volcano_lake [vl_original]

Skill      XL: |  1  2  3  4  5  6  7  8  9 10 11 |
---------------+----------------------------------+-----
Axes           | 4 6 7 8 9 10 12 13 | 13.5
Dodging        | 3 4 5 6 7 8 |  8.7
Fighting       | 4 5 6 7 8 10 | 10.3
Evocations     | 2 4 5 7 |  7.7

Action                   |  1- 3 |  4- 6 |  7- 9 | 10-12 || total
-------------------------+-------+-------+-------+-------++-------
Melee: Hand axe          |    69 |   152 |   171 |       ||   392
       Tailslap          |     6 |    28 |    25 |    48 ||   107
       War axe           |       |       |    11 |   157 ||   168
       Battleaxe         |       |       |       |    96 ||    96
       Broad axe         |       |       |       |    13 ||    13
 Fire: Shortbow          |       |       |    28 |    11 ||    39
Throw: Boomerang         |     2 |     9 |       |     2 ||    13
       Dart              |     1 |       |       |       ||     1
Invok: Berserk           |     2 |     2 |    10 |    10 ||    24
       Trog's Hand       |       |       |       |     2 ||     2
 Abil: Breathe Frost     |       |       |    10 |    16 ||    26
Evoke: Wand              |       |       |       |    10 ||    10
  Use: Scroll            |       |       |     7 |    12 ||    19
 Stab: Sleeping          |       |     2 |       |     1 ||     3
Armor: Skin              |    10 |    29 |    32 |    51 ||   122
Dodge: Dodged            |    31 |    64 |    88 |   167 ||   350
Block: Other             |    14 |    19 |    32 |    55 ||   120
       Reflection        |       |       |     1 |     3 ||     4
